Map: Orbital Shipyard

Players

Benito - Winner!

  • Race: Terran Terran
  • League: Silver

Ame

  • Race: Zerg Zerg
  • League: Silver

VOD

Have the link to the VOD?

Description

Time

  • Played on: Nov. 13, 2015, 9:38 p.m.
  • Length: 14:20
Show
View Real Time Build Order
Export as new Build Order

Benito Terran - Winner!

Build Orders: Reaper Expand, MMM Bio 

Get SALT Encoding   

  12  0:01  SCV  
  13  0:13  SCV  
  14  0:22  Supply Depot  
  14  0:25  SCV  
  15  0:45  Barracks  
  15  0:47  SCV  
  16  0:50  Refinery  
  16  0:59  SCV  
  17  1:11  SCV  
  18  1:23  SCV  
  19  1:28  Command Center  
  19  1:35  SCV  
  19  1:37  Reaper  
  21  1:47  SCV  
  21  1:50  Barracks  
  22  1:59  SCV  
  23  2:05  Supply Depot  
  23  2:23  Barracks Reactor  
  23  2:25  Refinery  
  23  2:26  SCV  
  24  2:40  Orbital Command  
  24  2:44  Factory  
  24  2:45  Barracks Tech Lab  
  24  2:59  Orbital Command  
  24  3:00  Marine  
  24  3:01  Marine  
  25  3:18  Marine x2  
  29  3:20  Marauder  
  29  3:23  SCV  
  30  3:28  Barracks  
  30  3:35  SCV  
  30  3:36  Reaper, Marine  
  33  3:43  Factory Reactor  
  33  3:48  SCV  
  33  3:54  Factory Tech Lab  
  33  3:55  SCV  
  35  3:57  Marine  
  35  3:59  Marauder  
  35  4:02  Stimpack  
  38  4:07  SCV  
  39  4:10  Supply Depot  
  39  4:12  Marine  
  41  4:17  SCV  
  41  4:19  Siege Tank  
  41  4:20  Barracks Tech Lab, Marauder  
  46  4:25  Supply Depot  
  46  4:31  Barracks  
  46  4:32  SCV  
  46  4:37  Refinery  
  47  4:50  Command Center  
  47  4:55  Marine x2  
  49  5:01  Siege Tank, Engineering Bay  
  49  5:04  Engineering Bay  
  52  5:13  Marine  
  52  5:23  Barracks Reactor  
  52  5:28  Supply Depot  
  52  5:31  SCV x2, Starport  
  52  5:34  Starport  
  54  5:39  Terran Infantry Weapons Level 1  
  54  5:45  Marine x2  
  54  5:46  Refinery  
  54  5:47  Terran Infantry Armor Level 1  
  56  5:51  Supply Depot  
  56  5:52  SCV  
  57  6:02  SCV  
  57  6:03  Combat Shields  
  57  6:04  Orbital Command  
  58  6:13  SCV, Sensor Tower  
  58  6:16  SCV  
  60  6:19  Missile Turret  
  60  6:22  Missile Turret  
  60  6:25  SCV  
  60  6:30  Marine x2  
  60  6:31  Marauder  
  60  6:32  Marauder  
  67  6:41  Missile Turret  
  67  6:43  SCV x3  
  70  6:47  Supply Depot  
  70  6:48  Starport Reactor x2  
  70  6:53  Marine  
  71  6:56  Marauder, Marine  
  74  7:05  SCV x2  
  74  7:06  SCV  
  77  7:09  Marine x2  
  77  7:10  Marine  
  80  7:18  Marauder  
  82  7:24  Supply Depot  
  82  7:26  Medivac x4  
  82  7:28  SCV x2  
  92  7:35  SCV, Missile Turret  
  93  7:40  Refinery, Marine x2  
  93  7:41  Marine, Marauder x2  
  100  7:49  Siege Tank  
  100  7:50  Concussive Shells  
  100  7:51  Marine  
  104  7:56  Medivac  
  106  7:59  SCV  
  106  8:01  Refinery  
  106  8:02  Marauder  
  109  8:28  Supply Depot  
  109  8:29  Armory  
  109  8:37  Supply Depot  
  109  8:44  Marine x3  
  109  8:45  Medivac, Siege Tank, Marauder x2  
  109  8:46  Marine  
  101  9:02  Marine x3  
  104  9:04  Marine  
  104  9:06  Marauder x2  
  109  9:13  Supply Depot  
  109  9:29  Supply Depot  
  109  9:34  SCV x2, Marine  
  109  9:35  Marauder x2  
  109  9:37  Command Center  
  109  10:07  Supply Depot x2  
  109  10:08  Supply Depot  
  109  10:10  Terran Infantry Weapons Level 2  
  109  10:11  Terran Infantry Armor Level 2  
  109  10:18  Supply Depot  
  109  10:28  Widow Mine  
  109  10:29  Marauder x2, SCV, Medivac x2, Marine x4  
  121  10:40  Medivac x2  
  118  10:47  Marine x4  
  106  10:51  Marauder x2  
  110  10:58  Siege Tank  
  113  11:04  Marine x4  
  113  11:07  Planetary Fortress  
  111  11:12  Marauder x2  
  112  11:22  Marine x4  
  116  11:33  Marauder x2  
  116  11:36  Barracks  
  120  11:40  Marine x4, Medivac  
  120  11:41  Barracks  
  126  11:55  Marauder x2  
  126  11:58  Marine x3  
  131  12:04  Liberator x2  
  131  12:16  Marauder x2  
  131  12:18  Siege Tank  
  144  12:34  Marine  
  144  12:35  Marine  
  144  12:36  Marine  
  147  12:38  Marauder x2  
  151  12:46  Barracks Reactor  
  151  12:50  Marine  
  152  12:52  Widow Mine, Marine  
  155  13:00  Marauder  
  156  13:07  Marauder  
  126  13:16  Marine  
  126  13:17  Marine x2  
  122  13:21  Marauder  
  124  13:28  Marine, Marauder  
  124  13:30  Marine  
  124  13:31  Marine  
  129  13:34  Marine  
  130  13:42  Marauder  
  131  13:50  Marauder  
  131  13:52  Marine x2  
  131  13:53  Marine  
  136  14:02  Barracks Reactor  
  141  14:12  Refinery x2  
Show
View Real Time Build Order
Export as new Build Order

Ame Zerg 

Build Orders: Hatch First 

Get SALT Encoding   

  12  0:01  Drone  
  13  0:08  Drone  
  14  0:17  Overlord  
  14  0:38  Drone  
  14  0:39  Drone x2  
  17  0:53  Hatchery  
  17  0:56  Drone  
  17  1:02  Extractor  
  16  1:05  Overlord  
  16  1:11  Drone  
  17  1:33  Drone, Spawning Pool  
  17  1:36  Drone  
  18  1:45  Drone  
  19  1:56  Drone  
  20  2:05  Drone  
  20  2:07  Drone  
  22  2:15  Drone  
  22  2:17  Drone  
  22  2:19  Queen x2  
  28  2:26  Overlord  
  28  2:32  Zergling x2  
  29  2:38  Overlord  
  29  2:42  Metabolic Boost  
  29  2:56  Zergling x6  
  31  3:09  Drone x3  
  34  3:17  Drone  
  35  3:22  Drone  
  35  3:23  Drone  
  37  3:29  Queen  
  37  3:31  Queen  
  42  3:34  Drone  
  42  3:35  Drone  
  42  3:36  Drone x6  
  49  3:41  Extractor  
  48  3:49  Drone  
  48  3:51  Evolution Chamber, Drone  
  49  3:56  Overlord  
  49  3:57  Evolution Chamber  
  49  3:58  Overlord  
  48  4:05  Baneling Nest  
  47  4:20  Drone  
  47  4:23  Drone  
  47  4:24  Drone x2  
  51  4:33  Zerg Melee Weapons Level 1  
  51  4:34  Zerg Ground Armor Level 1  
  51  4:37  Zergling x2  
  51  4:38  Zergling x2  
  53  4:41  Lair  
  53  4:44  Drone  
  53  4:45  Drone, Extractor  
  54  5:12  Hatchery  
  53  5:17  Zergling x2  
  53  5:18  Zergling x12  
  60  5:21  Overlord  
  60  5:22  Overlord x2  
  60  5:23  Overlord  
  60  5:37  Baneling  
  60  5:38  Baneling x7  
  60  5:40  Zergling x8  
  64  5:46  Centrifical Hooks  
  64  5:53  Drone x2  
  64  5:54  Drone, Extractor  
  64  5:55  Drone  
  67  6:01  Drone x2  
  69  6:04  Zergling x2  
  69  6:05  Zergling x2  
  71  6:19  Zergling x2  
  71  6:20  Zergling x14  
  79  6:25  Drone  
  79  6:27  Roach Warren  
  79  6:28  Zerg Melee Weapons Level 2  
  79  6:32  Zerg Ground Armor Level 2  
  79  6:36  Drone x4  
  83  6:53  Baneling  
  83  6:54  Baneling x5  
  83  6:55  Zergling x14  
  83  6:56  Zergling x2  
  91  7:03  Drone x2  
  93  7:21  Roach  
  93  7:22  Roach  
  97  7:24  Overlord  
  97  7:25  Overlord x5  
  97  7:46  Roach x8  
  97  7:50  Glial Reconstitution  
  112  8:19  Roach x5  
  135  8:20  Roach x8  
  135  8:24  Overlord  
  135  8:34  Drone x3  
  93  8:57  Roach x4  
  93  8:58  Roach x2  
  93  9:02  Zerg Missile Weapons Level 1  
  99  9:08  Drone  
  99  9:09  Drone x8  
  108  9:11  Infestation Pit  
  108  9:12  Extractor  
  108  9:13  Roach, Extractor  
  107  9:25  Tunneling Claws  
  107  9:27  Burrow  
  107  9:30  Roach  
  107  9:31  Roach x11  
  131  9:44  Hydralisk Den  
  106  9:58  Zergling x2  
  106  9:59  Zergling x28  
  107  10:07  Hive  
  107  10:13  Drone x2  
  107  10:14  Drone x3  
  112  10:22  Baneling x14  
  112  10:23  Baneling  
  97  10:37  Hydralisk x4  
  97  10:38  Hydralisk  
  78  10:48  Roach  
  78  10:49  Roach x4  
  83  10:50  Zergling x6  
  84  11:12  Hatchery  
  84  11:15  Hydralisk  
  84  11:16  Hydralisk x5  
  95  11:23  Zergling x12  
  95  11:24  Zergling x2  
  102  11:38  Queen x2  
  106  11:42  Hydralisk  
  106  11:43  Hydralisk x2  
  106  11:46  Zergling x2  
  108  12:11  Zergling x8  
  108  12:12  Zergling x4  
  109  12:23  Zergling x2  
  109  12:24  Zergling x14  
  117  12:33  Baneling x4  
  117  12:34  Baneling x10  
  117  12:36  Zergling x2  
  118  12:37  Zergling x6  
  121  12:53  Drone x2  
  121  12:55  Drone x3  
  121  12:58  Drone x2  
  90  13:18  Roach  
  90  13:19  Roach x5  
  79  13:37  Roach x4  
  50  13:49  Roach  
  50  13:50  Roach x4  
  60  13:56  Zergling x4  
  60  13:57  Zergling x2  
Tags
 
Add a new tag
Caveats
  • Supply blocks, unpowered buildings, or Contaminate may cause inaccurate times.
  • Supply counts are checked every 10 seconds.